 Dungeon Crawl Stone Soup version 0.30.1-11-g7821555f0a (webtiles) character file.

Game seed: 8971080864947007264

267091 Nonny the Brawler (level 18, -2/120 HPs)
             Began as a Demonspawn Gladiator on Nov 11, 2023.
             Was a High Priest of Fedhas.
             Slain by a ghost moth (10 damage)
             ... while paralysed by accursed screaming
             ... on level 3 of the Abyss.
             The game lasted 02:36:23 (29013 turns).

Nonny the Brawler (Demonspawn Gladiator)           Turns: 29013, Time: 02:36:24

Health: -2/120     AC: 11    Str: 23 (24) XL:     18   Next: 90%
Magic:  0/33       EV:  2    Int:  8 (9)  God:    Fedhas [*****.]
Gold:   1883       SH:  0    Dex: 10 (12) Spells: 17/17 levels left

rFire   x .          .
                       - Unarmed
rCold   + . .        Y - +2 kite shield {rC+}
rNeg    . . .        k - +3 leather armour of the Echidna {rElec Regen+ MP+9 Int+4}
rPois   +            (helmet unavailable)
rElec   +            m - +0 cloak "Kiaxuwk" {Contam rPois rF+ Str+6}
rCorr   .            (gloves unavailable)
SInv    .            (boots unavailable)
Will    +....        W - amulet of regeneration
Stlth   +            V - +4 ring of slaying
HPRegen 0.00/turn    O - +5 ring of evasion
MPRegen 0.46/turn

%: random rage (9%), guardian spirit
@: paralysed, sick, inhibited regen, slowed, glowing, studying Earth Magic,
unable to read
A: claws 3, hooves 3, horns 3, icemail 1, magic shield, magic regeneration,
condensation shield, [berserk 2], [clumsy 2], [dopey 2], [frail 2], [low MP 2],
[inhibited regeneration], [weak 2], [heat vulnerability 2], [inability to read
after injury 2]
}: 3/15 runes: decaying, serpentine, abyssal
a: Renounce Religion, Wall of Briars, Grow Ballistomycete, Overgrow, Grow Oklob


You were on level 3 of the Abyss.
You worshipped Fedhas.
Fedhas was extremely pleased with you.
You visited 8 branches of the dungeon, and saw 34 of its levels.
You visited the Abyss 1 time.
You also visited: Sewer, Gauntlet and Ice Cave.

You collected 4192 gold pieces.
You spent 2309 gold pieces at shops.

Inventory:

Hand Weapons
 u - a +1 scimitar of flaming
Missiles
 b - 37 poisoned darts
 c - 3 throwing nets (quivered)
 z - 2 atropa-tipped darts
 G - 7 curare-tipped darts
Armour
 f - a +3 tower shield
 k - the +3 leather armour of the Echidna (worn) {rElec Regen+ MP+9 Int+4}
   (You found it on level 2 of the Dungeon)

   Int:       It affects your intelligence (+4).
   rElec:     It insulates you from electricity.
   MP:        It affects your magic capacity (+9).
   Regen:     It increases your rate of health regeneration.
 m - the +0 cloak "Kiaxuwk" (worn) {Contam rPois rF+ Str+6}
   (You found it on level 4 of the Dungeon)

   Str:       It affects your strength (+6).
   rF:        It protects you from fire.
   rPois:     It protects you from poison.
   Contam:    It causes magical contamination when unequipped.
 B - the +4 skin of Zhor {*Englaciate rC+++ SInv}
   (You found it in an ice cave)

   *Englaciate: It radiates cold, occasionally slowing all nearby creatures who
   are not resistant to cold.
   rC:        It renders you almost immune to cold.
   SInv:      It lets you see invisible.
 Y - a +2 kite shield of cold resistance (worn)
Jewellery
 o - a ring of see invisible
 O - a +5 ring of evasion (right claw)
 R - a ring of willpower
 V - a +4 ring of slaying (left claw)
 W - an amulet of regeneration (around neck)
Wands
 h - a wand of flame (98)
 r - a wand of roots (26)
 w - a wand of acid (13)
 H - a wand of paralysis (25)
 I - a wand of mindburst (10)
 J - a wand of digging (19)
 T - a wand of polymorph (10)
Scrolls
 a - 19 scrolls of teleportation
 e - 8 scrolls of fear
 p - 2 scrolls of noise
 s - 5 scrolls of fog
 A - 9 scrolls of amnesia
 C - 3 scrolls of poison
 N - 6 scrolls of magic mapping
 Q - 5 scrolls of immolation
 X - 4 scrolls of blinking
Potions
 g - 20 potions of curing
 i - 3 potions of resistance
 j - 6 potions of attraction
 l - 11 potions of brilliance
 n - 10 potions of ambrosia
 q - 6 potions of haste
 t - 2 potions of flight
 v - 6 potions of lignification
 x - 2 potions of berserk rage
 D - 7 potions of might
 E - 2 potions of invisibility
 L - a potion of cancellation
 M - 5 potions of heal wounds
 S - a potion of magic
 Z - a potion of mutation
Miscellaneous
 d - a phantom mirror
 y - a lightning rod (3/4)
 F - a tin of tremorstones (2/2)
 K - a box of beasts


   Skills:
 + Level 16.2 Fighting
 - Level 1.7 Throwing
 - Level 4.0 Armour
 - Level 6.1 Dodging
 * Level 4.8 Stealth
 + Level 15.2 Shields
 - Level 20.6 Unarmed Combat
 - Level 18.0 Invocations
 - Level 6.0 Evocations


You had 17 spell levels left.
You didn't know any spells.
Your spell library contained the following spells:

 Spells                   Type           Power      Damage    Failure   Level
 Beastly Appendage        Tmut           0%         N/A       58%         1
 Sting                    Tmut/Pois      0%         1d3       58%         1
 Summon Small Mammal      Summ           0%         N/A       58%         1
 Blink                    Tloc           0%         N/A       73%         2
 Lesser Beckoning         Tloc           0%         N/A       73%         2
 Poisonous Vapours        Pois/Air       0%         N/A       73%         2
 Scorch                   Fire           0%         2d5       73%         2
 Static Discharge         Conj/Air       0%         2-2/arc   73%         2
 Wereblood                Tmut           0%         N/A       73%         2
 Call Canine Familiar     Summ           0%         N/A       91%         3
 Dazzling Flash           Conj/Hex       0%         N/A       91%         3
 Gell's Gravitas          Tloc           0%         N/A       91%         3
 Ignite Poison            Fire/Tmut/Pois 0%         N/A       91%         3
 Ozocubu's Armour         Ice            0%         N/A       91%         3
 Spider Form              Tmut/Pois      0%         N/A       91%         3
 Stone Arrow              Conj/Erth      0%         3d7       91%         3
 Summon Guardian Golem    Hex/Summ       0%         N/A       91%         3
 Teleport Other           Tloc           0%         N/A       91%         3
 Tukima's Dance           Hex            0%         N/A       91%         3
 Volatile Blastmotes      Fire/Tloc      0%         2d10      91%         3
 Animate Armour           Summ/Erth      0%         N/A       100%        4
 Iskenderun's Mystic Bla  Conj/Tloc      0%         2d3       100%        4
 Manifold Assault         Tloc           0%         N/A       100%        4
 Olgreb's Toxic Radiance  Pois           0%         N/A       100%        4
 Passage of Golubria      Tloc           0%         N/A       100%        4
 Sticky Flame             Conj/Fire      0%         2d3       100%        4
 Summon Lightning Spire   Summ/Air       0%         N/A       100%        4
 Blade Hands              Tmut           0%         N/A       100%        5
 Silence                  Hex/Air        0%         N/A       100%        5
 Yara's Violent Unravell  Hex/Tmut       0%         3d3       100%        5
 Dispersal                Tloc           0%         N/A       100%        6
 Iron Shot                Conj/Erth      0%         9d1       100%        6
 Starburst                Conj/Fire      0%         6d3       100%        6
 Ozocubu's Refrigeration  Ice            0%         4d7       100%        7
 Storm Form               Tmut/Air       0%         N/A       100%        7
 Ignition                 Fire           0%         3d3       100%        8
 Lehudib's Crystal Spear  Conj/Erth      0%         10d2      100%        8
 Maxwell's Capacitive Co  Air            0%         ∞         100%        8


Dungeon Overview and Level Annotations

Branches:
Dungeon (15/15)            Temple (1/1) D:7            Lair (5/5) D:10
  Swamp (4/4) Lair:3        Snake (4/4) Lair:2        Slime (0/5) Lair:5
    Orc (2/2) D:11            Elf (0/3) Orc:2        Vaults (1/5) D:13
 Depths (2/4) D:15          Sewer (visited)           IceCv (visited)
Gauntlet (visited)

Altars:
Ashenzari
Cheibriados
Dithmenos
Fedhas
Gozag
Hepliaklqana
Kikubaaqudgha
Makhleb
Nemelex Xobeh
Okawaru
Qazlal
Ru
Sif Muna
Trog
Uskayaw
Vehumet
Wu Jian
Xom
Yredelemnul
Jiyva

Shops:
D:1 (   Orc:2 :[!![   Snake:1 :(!

Portals:
Hell: Depths:1
Pandemonium: Depths:1
Ziggurat: Depths:1

Annotations:
Swamp:1 Roxanne
Swamp:3 2 transporters, Keoguots's ghost, adept GnSk


Innate Abilities, Weirdness & Mutations

You have claws for hands.
You have hooves in place of feet.
You have a pair of large horns on your head.
A meltable icy envelope protects you from harm. (AC +4)
When hurt, damage is shared between your health and your magic reserves.
You regenerate magic rapidly.
A meltable shield of frost defends you. (SH +4)
[You have an uncontrollable temper.]
[You are very clumsy. (Dex -4)]
[You are very dopey. (Int -4)]
[You are very frail. (-20% HP)]
[Your magical capacity is very low. (-20% MP)]
[You do not regenerate when monsters are visible.]
[You are very weak. (Str -4)]
[You are very vulnerable to heat. (rF--)]
[You sometimes lose the ability to read scrolls when taking damage.]


Message History

The daeva hits your oklob sapling with a +4 eudemon blade of holy wrath!
The daeva hits your oklob sapling with a +4 eudemon blade of holy wrath!!
The starcursed mass touches you but does no damage.
You block the ghost moth's attack. The ghost moth misses you.
The ghost moth barely misses you.
The wretched star pulses with an eldritch light!
You feel weaker. x2; You feel frail. x2
Your oklob plant twists and deforms.
Your burning bush twists and deforms.
Your wandering mushroom twists and deforms.
A starcursed mass splits.
You block the starcursed mass's attack.
Your oklob plant spits acid at the daeva.
The splash of acid hits the daeva!!
The daeva seems to be corroded for longer.
Your oklob plant spits acid at the starcursed mass.
The splash of acid hits the starcursed mass!
The acid corrodes the starcursed mass!
The starcursed mass shudders and is absorbed by its neighbour.
You block the starcursed mass's attack.
You see here an abyssal rune of Zot.
Unknown command.
You pick up the abyssal rune and feel its power. 3 runes!
That's enough to enter the realm of Zot.
Press } to see all the runes you have collected.
You feel the abyssal rune guiding you out of this place.
The ghost moth stares at you.
You feel your power leaking away. You block the ghost moth's attack.
The ghost moth hits you. The ghost moth stings you!
* * * LOW HITPOINT WARNING * * *
The daeva hits your oklob plant with a +4 eudemon blade of holy wrath! x2
A cacophony of accursed wailing tears at your sanity!
* * * LOW HITPOINT WARNING * * *
You suddenly lose the ability to move!
The ghost moth hits you!
* * * LOW HITPOINT WARNING * * *
The ghost moth hits you.
* * * LOW HITPOINT WARNING * * *
You feel clumsy. The ghost moth stings you!
You die...
Fedhas appreciates your contribution to the ecosystem.

.. #...
##..###...# #....
.#.. ..
.####..##.... ..
.......#....
.##.. .....##.#
#. .
#⌠ff..####...
##P⌠.APPP#.# .
#@PP..#P)##§ # >#
##XXy##.#..†##
#.#. #XXXXX#.#.
..# #. ..
#X.#X*#..#X....#
.
#.....#..#..##..#
#+...##. ... ###
. ##.##......#
... . # ....# .
.#..# ..... #...
### #


You could see 9 starcursed masses, a daeva (distracted, corroded, ally target),
a ghost moth (invisible), a wretched star, 2 friendly oklob plants, 2 friendly
wandering mushrooms, a friendly burning bush (summoned, misshapen, sick) and a
friendly oklob sapling (summoned, sick).

Vanquished Creatures
  Nikola (Swamp:2)
  Mlioglotl (Snake:4)
  A lich (Depths:1)
  An acid blob (Abyss:3)
  An Executioner (Abyss:3)
  2 tentacled starspawn
  2 nagarajas (Snake:4)
  Louise (D:15)
  2 fenstrider witches
  A fire giant (Depths:1)
  Aizul (Snake:4)
  3 vault wardens (Vaults:1)
  2 ironbound preservers (Vaults:1)
  5 stone giants (Depths:1)
  An ironbound thunderhulk (Vaults:1)
  2 very ugly things
  A green draconian (Abyss:3)
  A minotaur (Gauntlet)
  3 eleionomae
  4 dire elephants (Vaults:1)
  3 bunyips
  A vampire knight (Depths:1)
  Azrael (D:13)
  A blizzard demon (Gauntlet)
  Josephine (D:15)
  A yaktaur captain (Vaults:1)
  2 ettins (Depths:1)
  2 jiangshi (Depths:1)
  A salamander tyrant (Snake:4)
  A rakshasa (Depths:1)
  3 fire dragons
  A great orb of eyes (Vaults:1)
  The ghost of Jaukkuri the Thaumaturge, a journeyman DEAr of Jiyva (Orc:2)
  4 vault guards (D:13)
  2 ice dragons (Depths:1)
  3 ironbound frosthearts (Vaults:1)
  2 anacondas
  9 two-headed ogres
  10 death yaks
  3 boulder beetles
  3 centaur warriors
  A deep troll shaman (Depths:1)
  A satyr (Abyss:3)
  3 tengu warriors (D:15)
  2 vampire magi
  10 alligators
  8 naga warriors
  3 deep troll earth magi (Depths:1)
  6 shock serpents
  A spriggan berserker (Swamp:4)
  A dancing weapon (Orc:2)
  2 orc high priests (Orc:2)
  A thrashing horror (Abyss:3)
  Nergalle (D:11)
  10 naga sharpshooters
  A skeletal warrior (D:13)
  4 salamander mystics
  A sixfirhy (Abyss:3)
  A skyshark (Lair:5)
  4 sea snakes (Snake:4)
  2 spriggan druids
  4 goliath frogs
  5 naga ritualists
  2 iron trolls (Depths:1)
  8 deep trolls
  7 lindwurms
  6 bog bodies
  9 swamp dragons
  A necromancer (Vaults:1)
  3 mana vipers
  6 orc knights
  6 ironbound convokers (Vaults:1)
  4 orc sorcerers
  27 ugly things
  2 deep elf pyromancers (D:15)
  A wolf spider (D:15)
  8 salamanders
  13 elephants
  3 manticores
  4 will-o-the-wisps
  5 cyclopes
  The ghost of KittyFluff the Cudgeller, a novice GrBe of Trog (D:5)
  An apocalypse crab (Abyss:3)
  15 naga magi
  25 black mambas
  4 vault sentinels (Vaults:1)
  2 guardian serpents
  A smoke demon (Abyss:3)
  An ice statue (IceCv)
  8 cane toads
  A cane toad (shapeshifter) (D:15)
  A rime drake (Lair:1)
  A hellion (Abyss:3)
  A kobold demonologist (D:11)
  Psyche (D:12)
  9 komodo dragons
  5 yaktaurs (Vaults:1)
  A freezing wraith (D:15)
  A tengu conjurer (D:13)
  3 anaconda simulacra (IceCv)
  An efreet (D:13)
  7 trolls
  2 ancient zymes (Abyss:3)
  8 polar bears
  7 blink frogs
  A wolf spider simulacrum (D:14)
  Prince Ribbit (D:6)
  9 hornets
  A large abomination (Abyss:3)
  4 raiju (Abyss:2)
  10 tyrant leeches
  Sigmund (D:6)
  2 water elementals (D:15)
  16 spriggans
  13 flying skulls (Gauntlet)
  32 yaks
  Eustachio (D:3)
  2 dire elephant simulacra (IceCv)
  5 wraiths
  4 wyverns
  6 slime creatures
  3 fire bats (Swamp:4)
  2 fire elementals
  4 steam dragons
  A neqoxec (Abyss:2)
  5 basilisks
  19 vampire mosquitoes
  2 death yak simulacra (IceCv)
  34 nagas
  A small abomination (Abyss:3)
  12 swamp worms
  5 wargs
  Duvessa (D:6)
  An acid dragon (D:8)
  3 hell hounds (D:13)
  9 water moccasins
  8 swamp drakes
  31 orc warriors
  3 sky beasts
  4 ice beasts
  6 black bears
  29 wolves
  3 boggarts (Lair:5)
  12 centaurs
  2 phantoms (D:5)
  2 kobold brigands
  A gnoll sergeant (D:5)
  6 bullfrogs
  A cane toad simulacrum (IceCv)
  7 two-headed ogre simulacra (IceCv)
  An earth elemental (Abyss:2)
  2 scorpions (D:5)
  12 wights
  Dowan (D:6)
  10 killer bees (D:9)
  4 howler monkeys
  5 jellies
  4 quasits (D:4)
  A gnoll bouda (D:5)
  10 hounds
  25 orc priests
  3 sleepcaps
  An iron imp (Abyss:3)
  Ijyb (D:4)
  23 orc wizards
  2 polar bear simulacra (IceCv)
  5 iguanas
  3 troll simulacra (IceCv)
  9 spriggan simulacra (IceCv)
  2 wolf simulacra (IceCv)
  Robin (D:4)
  12 gnolls
  14 adders
  3 naga simulacra (IceCv)
  13 river rats
  A shadow imp (D:6)
  22 white imps
  7 ufetubi
  A worm (D:3)
  2 dart slugs
  53 orcs
  7 endoplasms
  6 giant cockroaches
  18 goblins
  6 hobgoblins
  6 jackals
  12 kobolds
  7 quokkas
  20 ball pythons
  4 bats
  7 frilled lizards
  39 rats
1095 creatures vanquished.

Vanquished Creatures (collateral kills)
  Saint Roka (Snake:4)
  Rupert (D:13)
  3 nagarajas (Snake:4)
  A fenstrider witch (Swamp:3)
  2 fire dragons (Swamp:4)
  8 hydras
  An alligator (Swamp:3)
  2 naga warriors (Snake:4)
  5 naga sharpshooters (Snake:4)
  An orc high priest (Orc:2)
  A sea snake (Snake:4)
  A salamander mystic (Snake:4)
  A bog body (Swamp:3)
  2 naga ritualists (Snake:4)
  An orc knight (Orc:2)
  4 orc sorcerers
  2 mana vipers (Snake:4)
  A worldbinder (Abyss:3)
  4 salamanders (Snake:4)
  2 black mambas (Snake:4)
  4 naga magi (Snake:4)
  A ynoxinul (Abyss:3)
  A naga (Snake:4)
  6 swamp drakes (Swamp:4)
  4 orc warriors
  3 orc priests (Orc:2)
  3 orc wizards (Orc:2)
66 creatures vanquished.

Vanquished Creatures (others)
  A tentacled starspawn (Abyss:3)
  A fire giant (D:15)
  A bunyip (Swamp:4)
  A shambling mangrove (Swamp:4)
  A ghost crab (Swamp:4)
  A hydra (Swamp:4)
  An anaconda (Snake:4)
  2 swamp dragons (Swamp:4)
  A will-o-the-wisp (Swamp:3)
  A tengu conjurer (D:15)
  3 hornets (Swamp:4)
  A tyrant leech (Swamp:4)
  A shadow (D:13)
  A steam dragon (Swamp:4)
  A swamp worm (Swamp:4)
  2 swamp drakes (Swamp:4)
  19 foxfires (Swamp:4)
  7 starspawn tentacles
46 creatures vanquished.

Grand Total: 1207 creatures vanquished

Notes
Turn   | Place    | Note
-------+----------+-------------------------------------------
     0 | D:1      | Nonny the Demonspawn Gladiator began the quest for the Orb.
     0 | D:1      | Reached XP level 1. HP: 16/16 MP: 1/1
   103 | D:1      | Reached skill level 1 in Stealth
   105 | D:1      | Frilled lizard skeleton in starting vault. Mysterious.
   142 | D:1      | Discovered your monstrous ancestry.
   142 | D:1      | Gained mutation: You have large cloven feet. [demonic
                  | ancestry]
   142 | D:1      | Reached XP level 2. HP: 19/22 MP: 2/2
   343 | D:1      | Reached skill level 1 in Armour
   499 | D:1      | Gained mutation: You have a pair of small horns on your
                  | head. [demonic ancestry]
   499 | D:1      | Reached XP level 3. HP: 28/28 MP: 3/3
   640 | D:1      | Found Golimuh's Antique Weapon Emporium.
  1164 | D:2      | Identified the +3 leather armour of the Echidna {rElec
                  | Regen+ MP+9 Int+4}
  1228 | D:2      | Reached skill level 1 in Shields
  1228 | D:2      | Gained mutation: You have sharp fingernails. [demonic
                  | ancestry]
  1228 | D:2      | Reached XP level 4. HP: 34/34 MP: 4/4
  1232 | D:1      | D:2 uphatch seems good for orbrun. :)
  1604 | D:3      | Found a faded altar of an unknown god.
  1842 | D:3      | Noticed a black bear
  1856 | D:3      | Killed a black bear
  1857 | D:3      | Reached skill level 3 in Unarmed Combat
  1857 | D:3      | Gained mutation: A meltable shield of frost defends you.
                  | (SH +4) [demonic ancestry]
  1857 | D:3      | Reached XP level 5. HP: 13/41 MP: 5/5
  2069 | D:3      | Gained mutation: You have hoof-like feet. [demonic
                  | ancestry]
  2069 | D:3      | Reached XP level 6. HP: 38/47 MP: 6/6
  2395 | D:4      | Identified the +0 cloak "Kiaxuwk" {Contam rPois rF+ Str+6}
  2480 | D:3      | D:4 uphatch is less viable for orbrun than the other
                  | stairs.
  2566 | D:4      | Noticed Eustachio
  2571 | D:4      | Noticed Robin
  2604 | D:3      | Killed Eustachio
  2605 | D:3      | Reached skill level 4 in Unarmed Combat
  2794 | D:4      | Gained mutation: You have a pair of horns on your head.
                  | [demonic ancestry]
  2794 | D:4      | Reached XP level 7. HP: 51/52 MP: 7/7
  2902 | D:4      | Noticed Ijyb
  2912 | D:4      | Killed Ijyb
  2920 | D:4      | Killed Robin
  3038 | D:5      | Entered Level 5 of the Dungeon
  3069 | D:5      | Noticed a yak
  3070 | D:5      | Noticed a yak
  3070 | D:5      | Noticed a yak
  3091 | D:5      | Killed a yak
  3092 | D:5      | Reached skill level 5 in Unarmed Combat
  3098 | D:5      | Noticed a yak
  3136 | D:5      | Killed a yak
  3183 | D:5      | Killed a yak
  3184 | D:5      | Gained mutation: You regenerate magic rapidly. [demonic
                  | ancestry]
  3184 | D:5      | Reached XP level 8. HP: 46/60 MP: 8/8
  3190 | D:5      | Reached skill level 5 in Shields
  3190 | D:5      | Reached skill level 6 in Unarmed Combat
  3536 | D:5      | Noticed KittyFluff's ghost (novice GrBe)
  3574 | D:5      | Found a transporter.
  3592 | D:5      | Found a transporter.
  3672 | D:5      | Reached skill level 7 in Unarmed Combat
  3796 | D:5      | Metal halls vault in center of floor.
  3863 | D:5      | Gained mutation: You have very sharp fingernails. [demonic
                  | ancestry]
  3863 | D:5      | Reached XP level 9. HP: 62/65 MP: 9/9
  3876 | D:5      | Reached skill level 13 in Unarmed Combat
  3876 | D:5      | Reached XP level 10. HP: 71/71 MP: 10/10
  3939 | D:5      | Noticed a two-headed ogre
  4495 | D:6      | Found a glowing drain.
  4502 | Sewer    | Entered a sewer
  4504 | Sewer    | Sewer entrance at center of floor. Beware of jamborees,
                  | though.
  4739 | Sewer    | Not a hard sewer for this point. It does have a large
                  | jamboree at the end, including two bullfrogs, but not too
                  | bad still.
  4774 | D:6      | Found a faded altar of an unknown god.
  4814 | D:6      | Noticed Duvessa
  4815 | D:6      | Noticed Dowan
  4943 | D:6      | Noticed Prince Ribbit
  4952 | D:6      | Killed Prince Ribbit
  4977 | D:6      | Noticed Sigmund
  4987 | D:6      | Killed Sigmund
  4988 | D:6      | Reached skill level 1 in Evocations
  5014 | D:6      | Found a radiant altar of Vehumet.
  5081 | D:6      | Killed Duvessa
  5092 | D:6      | Killed Dowan
  5412 | D:7      | Found a staircase to the Ecumenical Temple.
  5489 | D:7      | Found a shimmering blue altar of Sif Muna.
  5526 | D:7      | Temple entrance in the west
  5528 | Temple   | Entered the Ecumenical Temple
  5696 | Temple   | Temple: the stables.
  5711 | Temple   | Became a worshipper of Fedhas Madash
  6518 | D:9      | Noticed a two-headed ogre
  6527 | D:9      | Killed a two-headed ogre
  6655 | D:9      | Reached * piety under Fedhas
  6661 | D:9      | Killer bees on this floor.
  6700 | D:9      | Reached skill level 14 in Unarmed Combat
  6700 | D:9      | Gained mutation: When hurt, damage is shared between your
                  | health and your magic reserves. [demonic ancestry]
  6700 | D:9      | Reached XP level 11. HP: 73/77 MP: 11/11
  7316 | D:8      | Identified the +1 leather armour of Gasseisod {rElec rF+}
  7359 | D:10     | Entered Level 10 of the Dungeon
  7381 | D:10     | Noticed a two-headed ogre
  7384 | D:10     | Killed a two-headed ogre
  7398 | D:10     | RATTO VAULT VIA PrESSURE PLATE
  7421 | D:10     | Reached ** piety under Fedhas
  7539 | D:10     | Noticed a two-headed ogre
  7545 | D:10     | Killed a two-headed ogre
  7593 | D:10     | Found an opulent altar of Gozag.
  7619 | D:10     | Found an iron altar of Okawaru.
  7631 | D:10     | Found a shadowy altar of Dithmenos.
  7632 | D:10     | Found a hazy altar of Hepliaklqana.
  7635 | D:10     | Found a basalt altar of Yredelemnul.
  7639 | D:10     | Found a stormy altar of Qazlal.
  7640 | D:10     | Found a broken altar of Ashenzari.
  7738 | D:10     | Noticed a two-headed ogre
  7743 | D:10     | Reached skill level 1 in Invocations
  7747 | D:10     | Killed a two-headed ogre
  7747 | D:10     | Reached *** piety under Fedhas
  7879 | D:10     | Noticed a two-headed ogre
  7884 | D:10     | Killed a two-headed ogre
  7885 | D:10     | Reached skill level 15 in Unarmed Combat
  7923 | D:10     | Found a staircase to the Lair.
  8304 | D:5      | Killed KittyFluff's ghost
  8378 | D:5      | Killed a two-headed ogre
  8681 | D:11     | Gained mutation: A meltable icy envelope protects you from
                  | harm. (AC +4) [demonic ancestry]
  8681 | D:11     | Reached XP level 12. HP: 85/85 MP: 15/15
  8786 | D:11     | Reached **** piety under Fedhas
  8888 | D:11     | Found a staircase to the Orcish Mines.
  8897 | D:11     | Orcish Mines entrance in northest.
  9033 | D:11     | Noticed Nergalle
  9065 | D:11     | Killed Nergalle
  9066 | D:11     | Reached skill level 5 in Fighting
  9066 | D:11     | Reached skill level 5 in Invocations
  9114 | D:11     | Noticed a two-headed ogre
  9192 | D:11     | Killed a two-headed ogre
  9208 | D:11     | Identified the +2 leather armour "Soluug" {Str+5}
  9246 | D:11     | staff of poison in the east nearby +0 robe of fire
                  | resistance rF+
  9406 | Lair:1   | Entered Level 1 of the Lair of Beasts
  9489 | Lair:1   | Found a frozen archway.
  9544 | Lair:1   | Ice cave in southwest. No sources of rC+ by D:11.
  9545 | IceCv    | Entered an ice cave
  9566 | IceCv    | Found the +4 skin of Zhor {*Englaciate rC+++ SInv}
  9991 | IceCv    | Reached ***** piety under Fedhas
  9992 | IceCv    | Reached skill level 5 in Dodging
 11005 | Lair:2   | lajatang of distortion in northwest
 11015 | Lair:2   | chain mail of willpower nearb
 11160 | Lair:2   | Gained mutation: You have hooves in place of feet. [demonic
                  | ancestry]
 11160 | Lair:2   | Reached XP level 13. HP: 84/94 MP: 18/18
 11253 | Lair:2   | Found a staircase to the Snake Pit.
 11787 | Lair:3   | Reached skill level 10 in Shields
 11855 | Lair:3   | amulet of regeneration :)
 12159 | Lair:3   | Found a staircase to the Swamp.
 12165 | Lair:3   | Swamp entrance in east.
 12878 | Lair:4   | Found the +3 pair of seven-league boots {Rampage+∞}
 13188 | Lair:5   | Entered Level 5 of the Lair of Beasts
 13194 | Lair:5   | Reached ****** piety under Fedhas
 13205 | Lair:5   | Found a gate leading to a gauntlet.
 13206 | Lair:5   | Gauntlet is nearby all the stairs in the center.
 13266 | Gauntlet | Entered a Gauntlet
 13266 | Gauntlet | Found a transporter.
 13275 | Gauntlet | Found a transporter.
 13276 | Gauntlet | Found a transporter.
 13277 | Gauntlet | Found a transporter.
 13280 | Gauntlet | Found a transporter.
 13281 | Gauntlet | Found a transporter.
 13289 | Gauntlet | Found a transporter.
 13311 | Gauntlet | Found a transporter.
 13328 | Gauntlet | Found a transporter.
 13332 | Gauntlet | Found a transporter.
 13340 | Gauntlet | Found a transporter.
 13405 | Gauntlet | Noticed a blizzard demon
 13415 | Gauntlet | Found a transporter.
 13529 | Gauntlet | Killed a blizzard demon
 13541 | Gauntlet | Identified the +0 pair of boots of the Cursing Gods {rCorr}
 13544 | Gauntlet | manual of Earth magic
 13555 | Gauntlet | Noticed a minotaur
 13569 | Gauntlet | Killed a minotaur
 13572 | Gauntlet | +2 chain mail of cold resistance and +2 kite shield of cold
                  | resistance
 13589 | Gauntlet | Identified the +0 ring mail of the Knight of Swords {rElec
                  | Int+2}
 13665 | Lair:5   | Reached skill level 10 in Invocations
 13690 | Lair:5   | Found a runed translucent door.
 13690 | Lair:5   | Found a viscous altar of Jiyva.
 13690 | Lair:5   | Found a staircase to the Slime Pits.
 13844 | Lair:5   | Reached XP level 14. HP: 88/103 MP: 16/21
 14231 | Lair:5   | Got Easy Wizarding
 14416 | Lair:5   | Spriggan forest ending.
 14906 | D:12     | phantom mirror in north
 15004 | D:12     | Noticed Psyche
 15018 | D:12     | Killed Psyche
 15120 | D:12     | Identified the +6 mace of Oshruquol {spect, rCorr}
 15168 | D:12     | You fall into a shaft and drop 2 floors!
 15398 | D:13     | Found a gate to the Vaults.
 15548 | D:13     | Noticed Rupert
 15554 | D:13     | Killed Rupert
 15683 | D:14     | Reached skill level 15 in Shields
 15728 | D:14     | Reached XP level 15. HP: 110/110 MP: 24/24
 15951 | D:15     | Entered Level 15 of the Dungeon
 15980 | D:15     | Found an opulent altar of Gozag.
 16020 | D:15     | Noticed Josephine
 16172 | D:15     | Noticed Louise
 16203 | D:15     | Killed Louise
 16321 | D:15     | Found a staircase to the Depths.
 16322 | D:15     | Noticed a fire giant
 16668 | D:15     | Killed a fire giant
 16792 | D:15     | Reached skill level 16 in Unarmed Combat
 16832 | D:15     | Killed Josephine
 17320 | D:13     | Noticed Azrael
 17369 | D:13     | Killed Azrael
 17864 | Orc:1    | Entered Level 1 of the Orcish Mines
 17887 | Orc:1    | Reached skill level 5 in Evocations
 17997 | Orc:2    | Entered Level 2 of the Orcish Mines
 18003 | Orc:2    | Found a runed translucent door.
 18005 | Orc:2    | Found a shimmering altar of Xom.
 18005 | Orc:2    | Noticed Jaukkuri's ghost (journeyman DEAr)
 18011 | Orc:2    | Found a staircase to the Elven Halls.
 18020 | Orc:2    | Killed Jaukkuri's ghost
 18175 | Orc:2    | Found Itovez's Self-Improvement Boutique.
 18444 | Orc:1    | Found a shimmering blue altar of Sif Muna.
 18614 | Orc:2    | Bought a manual of Fighting for 960 gold pieces
 18625 | Orc:2    | Paralysed by an orc sorcerer for 5 turns
 18946 | Orc:2    | Found Faabeblu's Antique Armour Boutique.
 19051 | Orc:2    | Found Puhodd's Distillery.
 19055 | Orc:2    | Found Maig's Distillery.
 19059 | Orc:2    | Bought a shimmering scale mail for 369 gold pieces
 19059 | Orc:2    | Identified the +3 scale mail of the Swamp {rC+ Dex+3} (You
                  | bought it in a shop on level 2 of the Orcish Mines)
 19064 | Orc:2    | Bought a slimy ring mail for 369 gold pieces
 19064 | Orc:2    | Identified the +3 ring mail of Analysis {rPois SInv} (You
                  | bought it in a shop on level 2 of the Orcish Mines)
 19068 | Orc:2    | Bought a potion of curing for 33 gold pieces
 19068 | Orc:2    | Bought a potion of curing for 33 gold pieces
 19068 | Orc:2    | Bought a potion of might for 44 gold pieces
 19070 | Orc:2    | Found Juat's Armour Boutique.
 19076 | Orc:2    | Bought a potion of heal wounds for 60 gold pieces
 19076 | Orc:2    | Bought 2 potions of heal wounds for 120 gold pieces
 19076 | Orc:2    | Bought a potion of magic for 96 gold pieces
 19076 | Orc:2    | Bought a potion of curing for 36 gold pieces
 19076 | Orc:2    | Bought a potion of curing for 36 gold pieces
 19258 | Snake:1  | Entered Level 1 of the Snake Pit
 19370 | Snake:1  | Reached skill level 17 in Unarmed Combat
 19623 | Snake:1  | Found Plog's Antique Weapon Emporium.
 19623 | Snake:1  | Found Duprous's Book Shoppe.
 19702 | Snake:1  | Found Karareepn's Distillery.
 19709 | Snake:1  | Bought 2 potions of curing for 102 gold pieces
 19709 | Snake:1  | Bought a potion of curing for 51 gold pieces
 19721 | Snake:1  | Identified a scroll of acquirement
 19842 | Snake:1  | Acquired 896 gold pieces
 19927 | Snake:2  | Gained mutation: You have claws for hands. [demonic
                  | ancestry]
 19927 | Snake:2  | Reached XP level 16. HP: 105/118 MP: 25/25
 21273 | Snake:3  | Reached skill level 18 in Unarmed Combat
 21674 | Snake:4  | Entered Level 4 of the Snake Pit
 21763 | Snake:4  | Noticed Saint Roka
 21777 | Snake:4  | Noticed Mlioglotl
 21784 | Snake:4  | Killed Mlioglotl
 21853 | Snake:4  | Noticed Aizul
 21863 | Snake:4  | Killed Aizul
 22096 | Snake:4  | Reached skill level 19 in Unarmed Combat
 22378 | Snake:4  | Killed Saint Roka
 22379 | Snake:4  | Reached skill level 20 in Unarmed Combat
 22383 | Snake:4  | Gained mutation: You have a pair of large horns on your
                  | head. [demonic ancestry]
 22383 | Snake:4  | Reached XP level 17. HP: 89/126 MP: 17/26
 22841 | Snake:4  | Got a serpentine rune of Zot
 22970 | Swamp:1  | Entered Level 1 of the Swamp
 23045 | Swamp:1  | Noticed Roxanne
 23286 | Swamp:1  | Reached skill level 10 in Fighting
 23443 | Swamp:1  | YAY RANDOM HUMAN CORPSE
 23607 | Swamp:2  | Paralysed by a fenstrider witch for 5 turns
 23920 | Swamp:2  | Noticed Nikola
 23935 | Swamp:2  | Killed Nikola
 24526 | Swamp:3  | Found an ancient bone altar of Kikubaaqudgha.
 24659 | Swamp:3  | Found a transporter.
 24664 | Swamp:3  | Found a transporter.
 24680 | Swamp:3  | Found a bloodstained altar of Trog.
 24690 | Swamp:3  | Identified the +6 spear of Agun {heavy, *Rage rPois rF+}
 24725 | Swamp:3  | Noticed Keoguots's ghost (adept GnSk)
 25429 | Swamp:4  | Entered Level 4 of the Swamp
 25545 | Swamp:4  | wtf lava in swamp
 25924 | Swamp:4  | Reached skill level 15 in Invocations
 25996 | Swamp:4  | Got a decaying rune of Zot
 26369 | Vaults:1 | Entered Level 1 of the Vaults
 26509 | Vaults:1 | Reached XP level 18. HP: 106/145 MP: 25/29
 26812 | Vaults:1 | Paralysed by a great orb of eyes for 2 turns
 27124 | Vaults:1 | Reached skill level 15 in Fighting
 27562 | Depths:1 | Entered Level 1 of the Depths
 27612 | Depths:1 | So far I have one-shotted a fire dragon and an ettin in
                  | here.
 27823 | Depths:1 | Found a one-way gateway to a ziggurat.
 27917 | Depths:1 | Noticed a lich
 27926 | Depths:1 | Killed a lich
 27937 | Depths:1 | Found a sparkling altar of Nemelex Xobeh.
 28030 | Depths:1 | Found a one-way gate leading to the halls of Pandemonium.
 28145 | Depths:1 | Found a gateway to Hell.
 28653 | Depths:1 | Depths:1 is a huge open floor. It has that one Rubik's cube
                  | vault taking up the east. Pan entrance in northwest.
 28681 | Abyss:2  | Cast into level 2 of the Abyss (a wizard)
 28697 | Abyss:2  | Found a corrupted altar of Lugonu.
 28833 | Abyss:2  | Found a corrupted altar of Lugonu.
 28882 | Abyss:3  | Found a corrupted altar of Lugonu.
 28929 | Abyss:3  | Found a corrupted altar of Lugonu.
 29013 | Abyss:3  | Got an abyssal rune of Zot
 29013 | Abyss:3  | Paralysed by accursed screaming for 2 turns
 29013 | Abyss:3  | Slain by a ghost moth

Illustrated notes ##..#...#.#...#..# .. #..##'#####..# . .###..#..#.....# ..#.....'.....# #..##..#....## #..##'#####.# #...#...#.# #...#.#...#.. ...#..#.)@÷.#.## #.......#...#.# .....#'##### ##...##.. ##.. ... #. #.. # #+## Turn 105 on D:1: Frilled lizard skeleton in starting vault. Mysterious. #.#...'.#.#..#.....'.....# #.###.#.....#..##..#....## #.# #)#..#..#..##'#####.# #.# #.#.#.....#...#...#.###### #.# #.###...#...#.#...#....... #.# #.####...#..#.)...#.#####. #.# #..# ##.......#...#.# #. #†# ##.## #.....#'#####.# #. #.# #..####.@.##..#....# #. #.#####..# ##......'....# #♣ #>.......## #..##..#....# # #######...###..##'#####.# #....##.....#...#.###### ###..#..###...#...#......) # #.........###.'...#..#.... #### #†#..###....###...#.#.#### ...# #.#.[###.##...#####.#..... Turn 1232 on D:1: D:2 uphatch seems good for orbrun. :) ####### #)..... ###.##### #.(.....# #.#.###.. #.#.###.# ##########(#.....# #........#.#.###.# #@######.#...# #.# #.# #.#...###.. #.# #.#.......# #.# #.#..##.#.# #.######.#..##.#.# #.#.........##.#.. #.#.####.#.###.### #.#.# #.#.# #.# ### #.#[# #.#.# #.# Turn 2480 on D:3: D:4 uphatch is less viable for orbrun than the other stairs. #.....#.....#.....# #..#..#..#..#..#..# ##..#..#..#..#..#..# ....#.....#.....#..# ....#.....# .hlS#..# #################..# ................h..# ................@c.# #################..# ...... #.....#.....#S.# ...... #.....#..g..#..# ...######### #..#..#..#.S#..##..##©......# #..#..#.J#..#..##..#8.......8 /..#.....#....J##..#......... ..h# ....# ...##..#........) ######## ####..©#....©...$ Turn 3796 on D:5: Metal halls vault in center of floor. ###### ##....## #......# #..∩∩..# #..@...# ##~~~~## #~~~~~~# #≈~~~~≈# #≈~~~~≈# #≈~~~≈≈# #≈~~~≈≈# #≈~~#~≈# Turn 4504 on Sewer: Sewer entrance at center of floor. Beware of jamborees, though. ##### ######...# ########### ##......... ##....##...# ##.......... #......'.@.# #.........#. #......#...# ##......##'## #......##### #......##..## ##~~~~.# #.~~~~###..# #~~~≈~~# #~~~~~~##### #~≈~~~~# #~~~≈≈≈# #≈~~~~≈# #~~~~≈≈# #≈~~~~≈# #~~~~~≈# #~≈~~~≈# #≈~~~~~# Turn 4739 on Sewer: Not a hard sewer for this point. It does have a large jamboree at the end, including two bullfrogs, but not too bad still. #.###.# ######.###.### #............# #####..#.#.#.#.#.# #................## #.#....#.......#....# #...#............##... ##.##..#...>...#.# ## #.###.....@.....# #.# #.#.......#.# #.###...........# #.#...#.#.#.#.#.# ##.#.#...........# #..#.###.###.....## #.##.###.##.......## #.#...##...........##. #........'...>........ Turn 5526 on D:7: Temple entrance in the west

###############################
#......................<.......
#.#######'#############..#####.
#.#._..#..#...#.._.#..#..'...#.
#.#....#_.#...#....#..'..#._.#.
#.##'######...#'#######..#...#.
#......#..#...#.#._#..#.######.
#.####.#..###'#.#..#..#.#....#.
#.#..'.#'##..⌠@.##'#..#.'....#.
#.#..#.............##'#.#....#.
#.######'#.#####'#......#_...#.
#.#..#...#.#..#..####'########.
#.#..#._.#.'._#_.#....#..#_..'.
#.#..#...#.####..#.._.#..#...#.
#.##'#####..⌠.##########'#####.
#..............................
###############################


Turn 5696 on Temple: Temple: the stables. #.........# #.......# ####+######
#.......# .. #####'### #. #.# #####.# #########'### ....... #...........#
.......####...........# ..)......##...........# .......#@##...........#
....y..#.##...........# .......#))#...........# .......##)#...........# .......
#.#...........# .$..... #.'...........# ....... ###...........# #############
Turn 6661 on D:9: Killer bees on this floor. #..#####.## #.## ##.# #..# ### #.##
#.rr#.# #.rr#.# #.rrrr# #rrrr@# #rrrrr# #.rr#.# #.rr#.# ### #.# #.. ##. # Turn
7398 on D:10: RATTO VAULT VIA PrESSURE PLATE ### ### ### ###
#.###8###.###.####### ...#...#...#...#.≈≈≈# ...............#..≈≈#
...............'@.>≈# ...............#..§≈# ...#...#...#...#.§≈≈#
#8###.###8###8####### #################### ..#.....#..........#
..#.....#..........# ..#.....#..........# ###.....#.........## Turn 8897 on
D:11: Orcish Mines entrance in northest. #.# ....#### #.# #........ #.#
#........ #.# #.####+## ####.# #.# # #....######.# # #....[......# #
#...........# # #.@...#####.# # #...###...#.# #...#.....#.# #.?.#.....#.#
#...#.....#.# #...#.....+.# #...#.....#.# #...#.....'.# #...#.....#.# Turn 9246
on D:11: staff of poison in the east nearby +0 robe of fire resistance rF+
*****#..# #..# #..# #..# ####### ###..## ##.....#####.....###
#...............###P #..................) #..@................
#......####P...####. #.....## #....# #. ##...## ##...# #. ###.# ### #...####.
#.###P###...##P#. #................ #######.##.#..### ######### Turn 9544 on
Lair:1: Ice cave in southwest. No sources of rC+ by D:11. ##### ### ##
##.#.###P.##.## #.............. ##......@....... #...............
##.............. #P..........[... ##............?. #...............
#P.............. #............... #P.......>###### Turn 11005 on Lair:2:
lajatang of distortion in northwest ##### ####### ## ##.#.###P.##.##.#####
#.................... ##......)...........P. #.................#.#
##.................# #P..........@.....## ##................P#..
#..................... #P.................... #.....................
#P.......>########.... #..........# .... ##........## ... #..........# ## Turn
11015 on Lair:2: chain mail of willpower nearb #.#.## .## . .#.#P##.. .
##+.+..P..# . ..........# . ..........# . ..........## ...........# .......@..#
##### .............## ....# ...#######....# ...###..# #...##
....#...########...# ...P#...P##........# .####...# #....##...# #####...#####.##
..## .P##.#...####.## ..# Turn 11855 on Lair:3: amulet of regeneration :)
....#.#####.................# ....#.###.#.................#
.............w.............## ............................#
............................# ....##..###................##
...###.####....<..#####P...# ..###...##....♣♣.♣♣ ####.##
...#..(.###..♣♣§@♣♣♣######..# ..#.P....##..♣§§~~♣♣...+.[.##
....+...P##..♣§§§§≈♣...#...# ..P#.....#...♣~§§§≈♣#..###.#
..##.####....♣♣♣~♣♣♣#.###..## ...#.#.####..>♣♣♣♣♣♣..##.#..#
.......####................## ............................##
.............................# Turn 12165 on Lair:3: Swamp entrance in east.
,,,,,,,***##...?..♣ *,,,,,,,,** ,,,,,,,,,##.......#♣♣♣***,,,,,**
,,,,,,,,,.....<......♣♣♣*,,,,** ,,,,*,,,*PP.......#....♣******
,,,**,,,*#......#.#...♣# ,,,,,,,,,.....PP..<....♣ ,,,,,,,,,....#........P#
,,,,,,,,,.......#.....##*** * ,**,,,,,,,#.....@..†..#**,*** *
,,*,*,,,,∩.P<.....<........P***** ,****,,,,....#.....P........**,** ,,*
**,,*..P..........#$#P..,,*** ,*****,,,#,.....[......##*.P,** *
,,**,*,,*#........P#.##.#*,P,* ** ,,,,,,,**#.P.....#####*##*,,,***,
,,,,,,,**####..#.# *,,,,,*, ,,,,,,,,***,,***** *,,,,,,, Turn 13206 on Lair:5:
Gauntlet is nearby all the stairs in the center. ##...............8.....
#§...###########....... ##...#.....#...#...#### #≈...#..##..#..#...#...
##...#..#..##..#####).. #≈...#[.##..#..#...#... ##.8.#©.#.©##..#©8©#©.#
#≈...#[.##..#..#...#)## ##...#@.#..##..#####".# #§...#..##..#..#...#...
##...#.....#...#...#### #≈...###########....... ##...............8.....
#≈.8......8......§..... ##...............#≈#≈#≈ ##≈#≈#§#≈#≈#≈#§#######
############### Turn 13544 on Gauntlet: manual of Earth magic #≈...## ######
####..... #....##.####.8.. #.##.##..##≈§... #.##......##...# ##
###.##.##....#...# #≈≈ #.#....##.©8.#...# #≈≈.#.#.##.##....#...#
#≈∩.(@'.##....©8.#.8.# #≈≈(#.#.##.##....#...# #≈≈ #.#....##.©8.#...# ##
###.##.##....#...# #.##......##...# #.##.##..##≈.... #....##.####.8.. #####
#####§.... #≈§§.## Turn 13572 on Gauntlet: +2 chain mail of cold resistance and
+2 kite shield of cold resistance ♣♣♣♣♣ *♣♣*♣♣♣♣** ♣♣
#...♣♣♣♣♣♣.♣♣...,)♣♣♣♣*♣♣♣♣. #....♣♣.♣.....♣**.....♣♣.).. ##†♣♣♣.....♣.♣**
**♣......†♣♣ # ###.†♣ ♣♣♣♣♣..♣♣ ♣♣......♣♣ ###.#..♣♣ ♣♣.@♣*** **♣......♣.
..##....♣♣ **♣.♣.†..♣*♣...♣♣..... .........♣ *...♣♣♣♣.....♣**♣♣....
.........♣♣♣..♣* **♣.♣♣* ♣..♣. #..#....♣.♣♣.♣* **♣ ♣♣♣.. ....#.....♣♣.** **♣....
........#.♣♣*,** *♣....♣♣ ..........♣♣*,,***********...♣♣*
...#.......♣**,,,**,,,,**,.♣♣* Turn 14416 on Lair:5: Spriggan forest ending.
##### #... ############.####... #..................# #.........##@####..
#.....##..##.# #####|....##..##.# .................# .......##.....####
###...†##.....# ............... ....##.##...### ....##.##..## Turn 14906 on
D:12: phantom mirror in north ~♣♣♣ ♣♣...~~.~~~~..~~.♣♣ .)♣♣ ♣~....~~~~~~....~♣
≈..♣♣ ♣♣♣♣..~~~~~.♣.~♣♣♣ ≈≈≈.♣ ♣♣~..~~>.~~~♣♣ ≈≈≈.♣ ♣♣♣♣.♣..........
≈≈≈.♣♣♣~(~~~~~~.~~~~~.♣ ≈≈...♣.~..~~~§..♣♣♣♣♣♣. § ≈≈<..♣.~~......♣♣#####♣♣♣ ~~~
≈........♣♣~.♣♣♣@#...#♣.♣♣ ♣..~ ≈≈≈...~.♣.♣♣♣~~♣.'...'..~♣♣...♣
≈..=...~...♣~..♣.#...#♣§♣♣~.~♣ ≈~.~~.....♣.~§~♣♣#####♣..~...♣
~^..~..~.♣..~~~.♣♣♣♣♣♣..~~..♣♣ ~......♣♣♣♣...§~.~§~~...~~...♣ .~...♣♣♣
♣~..~~..~~~~.......♣ ~.♣♣♣♣ ♣♣♣♣.....~§.~......♣ .§♣ ♣~§.....♣♣♣~♣...♣ Turn
23443 on Swamp:1: YAY RANDOM HUMAN CORPSE ## ≈ #D#. ≈≈ ..≈.D ≈≈ ≈≈≈kk §≈## ≈○≈≈
§≈###E≈ #fPf# ♣ < .~..~♣♣# #f@P# #♣~~ ♣ ♣~.~.~.♣# #♣~~.♣♣♣♣~~~.
♣~~~..~.♣♣♣♣~~~~.~~~~~.~ ♣♣~~~~§~~~.~~.~.........~ ♣.......♣..~~~.♣.......~.
♣...~...♣§~~~~~).~~...... ♣~~~~.~♣~~~~~.†~~.~..~♣. ♣♣.~~~~~..~~~~..~♣.~...♣
♣♣PPP)~~†....~~..♣♣♣♣~.♣♣ Turn 25545 on Swamp:4: wtf lava in swamp .... #. ....
.. #. .... ..# ##.. ... ..##..### ###. ........### ###... #......)### ###.....
#....@...# #....... ##.......######....... #.....####..####.....
#...####......####... #.####..........####. #........#...........
#######.###.......... ### #....####.. ###### ### Turn 27612 on Depths:1: So far
I have one-shotted a fire dragon and an ettin in here.
.#'###'#.#........##.........#.## .#.#...#.#..................#....
.#'#'#'#.#...............#..#.... .#...#.'.#.....###..###.##..#....
.#########....###..#.#.##..#..... ..............###.#######..##....
..............##.## #.#.#.###. .................# ####.....# ................@##
#...... .............####.# ##.....# ............### ### #......#
..............#### ##.....# .................# #.###.#. ....#####........##
##...### ....#...#...)...#.# #....#. #...#...'.........## #.....#
##..#...#..........#### ##....# Turn 28653 on Depths:1: Depths:1 is a huge open
floor. It has that one Rubik's cube vault taking up the east. Pan entrance in
northwest.

Levels and vault maps discovered:
D:1:      arrival_zaba_pyramid, layout_loops_ring, serial_shops,
          nicolae_shop_pleasant_corner_grove
D:2:      layout_loops_ring, minmay_misc_feat_alley, serial_bayou_ford_a
D:3:      layout_loops_ring, basic_ecumenical_altar
D:4:      cheibrodos_quashed, layout_cave_pods, uniq_eustachio, uniq_robin,
          uniq_ijyb
D:5:      kennysheep_windowed_halls, layout_basic, gammafunk_ghost_arena
D:6:      layout_cave_pools, vehumet_crystals, serial_column_ruins,
          column_ruins_temple_hall, column_ruins_courtyard_long,
          column_ruins_open_tiny, column_ruins_columns_corner,
          column_ruins_open_tiny, column_ruins_grid_3, column_ruins_open_small,
          column_ruins_grid_4, column_ruins_open_tiny_water,
          cheibrodos_sewer_entry_sluice, hangedman_decor_opposing,
          uniq_prince_ribbit1, uniq_duvessa, uniq_sigmund
D:7:      hellmonk_ruined_rings, layout_loops_corners,
          mainiacjoe_overflow_catwalk, minmay_temple_entry_glass
D:8:      layout_rooms, minmay_misc_feat_five, grunt_ministairs_11,
          grunt_tough_drop
D:9:      layout_roguey, hangedman_abyss_or_decor_passed
D:10:     layout_loops_ring, nicolae_overflow_hallway_of_the_gods,
          erik_lair_orcish_takeover, dk_rats_in_the_wall
D:11:     layout_irregular_city, david_orc_4, uniq_nergalle
D:12:     layout_loops_ring, serial_glass, glass_columns_a, glass_columns_a,
          hangedman_abyss_or_decor_lesser_grid, minivault_27, uniq_psyche
D:13:     layout_roguey, lightli_vaults_fourway_checkpoint, uniq_rupert,
          uniq_azrael
D:14:     layout_roguey, hex_medium
D:15:     grunt_enter_depths_giant_problem, layout_loops_ring,
          nicolae_elyvilon_temple_path, hangedman_decor_clover_reticule,
          grunt_gozag_statues, uniq_josephine, uniq_louise
Temple:   bh_familiar_temple
Lair:1:   layout_small_grid, portal_ice_cave_entry_imps, lemuel_fruit_tree,
          grunt_megastairs_3
Lair:2:   layout_small_grid, minmay_snake_entry_guardpost_medium,
          serial_bayou_shore_b, grunt_megastairs_2
Lair:3:   layout_regular_city, minmay_swamp_entry_worms,
          chequers_serial_rivers_small_b, nicolae_lair_lindhole
Lair:4:   layout_loops_ring
Lair:5:   minmay_lair_end_enchanted_forest, layout_loops_ring, slime_entry_2,
          gauntlet_entry_generic
Swamp:1:  layout_basic_swamp, evilmike_swamp_ruin_house_6, swamp_pool5,
          cheibrodos_swamp_pet_leeches, infiniplex_staircase_pool, uniq_roxanne
Swamp:2:  layout_falls_marsh, serial_swamp_ruin, hangedman_swamp_ruin_wall,
          evilmike_swamp_ruin_house_4, uniq_nikola
Swamp:3:  layout_falls_marsh, gammafunk_ghost_wrathful_warriors,
          lemuel_altar_in_water
Swamp:4:  swamp_fiery, layout_basic_swamp
Snake:1:  layout_honeycomb, serial_shops, nicolae_shop_industrial_runoff,
          minmay_shoptagon, grunt_megastairs_4
Snake:2:  layout_layer_cave, nicolae_integral_box
Snake:3:  layout_rooms
Snake:4:  snake_pit, layout_gridlike, serial_bayou_shore_a, uniq_mlioglotl,
          uniq_saint_roka, uniq_aizul
Orc:1:    layout_caves, kennysheep_orc_sif_temple
Orc:2:    st_orc_elflike, layout_diamond_mine, ebering_ghost_xom,
          nicolae_orc_bridge_out, nicolae_shop_self_help
Vaults:1: nicolae_vaults_storage_closets_1, ontoclasm_vaults_hangar,
          hangedman_vaults_variations, hangedman_vaults_nails, v_misc_5,
          nicolae_vaults_closet_pinwheel_3, nicolae_vaults_security_offices_1,
          nicolae_vaults_circle_grid_b, nicolae_vaults_alarming,
          layout_vaults_big_room
Depths:1: layout_cave_shapes, enter_ziggurat_f, hell_entry,
          nicolae_BIG_FREAKIN_CUBE, rand_demon_pan_entry_4,
          hangedman_abyss_or_decor_clamps, minmay_misc_feat_x,
          nemelex_diamond_rough_becter
Depths:2: minmay_the_grid_triangle_9x9_rhombus_thin
          [minmay_the_grid_triangle_9x9_impossible_snake,
          minmay_the_grid_triangle_9x9_prize_center,
          minmay_the_grid_triangle_9x9_alien,
          minmay_the_grid_triangle_9x9_flanged_cone], layout_cross,
          pf_coc_iceberg, grunt_pan_entry_zigzag, minmay_fountain_box,
          infiniplex_staircase_zigzag_3
Abyss:3:  base: D:14, nicolae_abyss_rune_left_handed

Skill      XL: |  1  2  3  4  5  6  7  8  9 10 11 12 13 14 15 16 17 18 |
---------------+-------------------------------------------------------+-----
Stealth        | 1 2 3 4 |  4.8
Armour         | 1 4 |  4.0
Shields        | 1 2 3 4 6 7 9 12 15 | 15.2
Fighting       | 3 4 6 7 8 9 13 16 | 16.2
Unarmed Combat | 3 4 5 7 13 14 15 17 20 | 20.6
Evocations     | 2 3 6 |  6.0
Invocations    | 4 7 10 12 15 18 | 18.0
Dodging        | 5 6 |  6.1
Throwing       | |  1.7

Action                     |  1- 3 |  4- 6 |  7- 9 | 10-12 | 13-15 | 16-18 || total
---------------------------+-------+-------+-------+-------+-------+-------++-------
  Melee: Unarmed           |   147 |   128 |   162 |   702 |  1060 |   883 ||  3082
         Punch             |     2 |       |       |       |       |       ||     2
         Kick              |    33 |    24 |    51 |   202 |   389 |   380 ||  1079
         Headbutt          |     8 |    20 |    27 |   103 |   219 |   227 ||   604
  Throw: Dart              |       |       |       |       |     2 |     1 ||     3
 Invoke: Overgrow          |       |       |       |     1 |     1 |     3 ||     5
         Wall of Briars    |       |       |       |     1 |       |    12 ||    13
         Grow Oklob        |       |       |       |       |     3 |    13 ||    16
  Evoke: Wand              |       |       |       |    11 |       |    28 ||    39
         Lightning rod     |       |       |       |       |     2 |     4 ||     6
    Use: Scroll            |       |     8 |     3 |    24 |     9 |     7 ||    51
         Potion            |       |     1 |     1 |       |     2 |     5 ||     9
   Stab: Sleeping          |     1 |     4 |     2 |    10 |    17 |     7 ||    41
         Paralysed         |       |       |       |     2 |       |       ||     2
         Distracted        |       |       |       |       |     1 |     5 ||     6
 Armour: Leather armour    |    39 |    34 |    29 |    92 |    51 |   108 ||   353
         Ring mail         |    23 |       |       |       |       |       ||    23
         Skin              |       |     4 |       |       |       |       ||     4
         Animal skin       |       |       |       |    32 |    62 |       ||    94
  Dodge: Dodged            |    74 |    31 |    41 |   186 |   360 |   421 ||  1113
  Block: Kite shield       |    37 |    77 |   108 |   495 |   792 |   671 ||  2180
